 Dungeon Crawl Stone Soup version 0.31-a0-430-gf8416d752b (console) character file.

Game seed: 6921354854843762852

1707 Lexodia the Priest (level 9, -1/69 HPs)
             Began as a Hill Orc Conjurer on July 31, 2023.
             Was a Believer of Beogh.
             Shot with an arrow by a centaur (8 damage)
             ... on level 7 of the Dungeon.
             The game lasted 00:19:58 (6902 turns).

Lexodia the Priest (Hill Orc Conjurer)              Turns: 6902, Time: 00:20:01

Health: -1/69      AC:  5    Str: 14    XL:     9   Next: 3%
Magic:  12/15      EV: 11    Int: 22    God:    Beogh [**....]
Gold:   266        SH:  0    Dex:  9    Spells: 0/16 levels left

rFire   + . .        C - +6 dagger "Evopt" {holy, Str+4}
rCold   . . .        (no shield)
rNeg    . . .        a - +0 robe
rPois   .            (no helmet)
rElec   +            S - +1 cloak of Mysticism {rElec}
rCorr   .            (no gloves)
SInv    +            u - +0 pair of boots
Will    .....        k - amulet of regeneration
Stlth   ++           I - ring of protection from fire
HPRegen 1.11/turn    M - ring of see invisible
MPRegen 0.14/turn

%: no passive effects
@: no status effects
A: no striking features
a: Renounce Religion, Smiting


You were on level 7 of the Dungeon.
You worshipped Beogh.
Beogh was pleased with you.
You visited 1 branch of the dungeon, and saw 7 of its levels.

You collected 266 gold pieces.

Inventory:

Hand Weapons
 q - a +3 rapier
 A - a +1 short sword of speed
 C - the +6 dagger "Evopt" (weapon) {holy, Str+4}
   (You found it on level 5 of the Dungeon)

   Str:       It affects your strength (+4).
 D - a +1 flail of protection
 K - a +0 dagger of speed
 L - a +0 trident
 O - a +1 whip of freezing
 R - a +0 orcbow
Armour
 a - a +0 robe (worn)
 t - a scarf of shadows
 u - a +0 pair of boots (worn)
 J - the +1 leather armour "Koisme" {+Blink rPois rC+ Int-5}
   (You found it on level 5 of the Dungeon)

   Int:       It affects your intelligence (-5).
   rC:        It protects you from cold.
   rPois:     It protects you from poison.
   +Blink:    It lets you blink.
 S - the +1 cloak of Mysticism (worn) {rElec}
   (You found it on level 7 of the Dungeon)

   rElec:     It insulates you from electricity.
Magical Staves
 H - a staff of death
Jewellery
 k - an amulet of regeneration (around neck)
 o - a ring of ice
 I - a ring of protection from fire (left hand)
 M - a ring of see invisible (right hand)
 P - a ring of positive energy
 Q - an amulet of magic regeneration
Wands
 B - a wand of flame (14)
Scrolls
 d - a scroll of torment {unknown}
 h - 5 scrolls of identify {unknown}
 j - 4 scrolls of vulnerability {unknown}
 m - a scroll of fear {unknown}
 n - a scroll of amnesia {unknown}
 p - a scroll of blinking {unknown}
 s - a scroll of teleportation {unknown}
 v - a scroll of enchant armour {unknown}
 x - 2 scrolls of immolation {unknown}
 y - 2 scrolls of revelation {unknown}
 z - a scroll of enchant weapon {unknown}
 E - 2 scrolls of poison {unknown}
 F - 3 scrolls of summoning {unknown}
 G - a scroll of fog {unknown}
 N - a scroll of silence {unknown}
 T - a scroll of brand weapon {unknown}
Potions
 b - a potion of magic
 c - 3 potions of ambrosia {unknown}
 e - a potion of brilliance {unknown}
 f - 3 potions of haste {unknown}
 g - 3 potions of degeneration {unknown}
 i - 3 potions of attraction {unknown}
 l - 4 potions of curing {unknown}
 r - 2 potions of heal wounds {unknown}
 w - 2 potions of lignification {unknown}


   Skills:
 - Level 3.0 Fighting
 + Level 3.8 Short Blades
 - Level 1.5 Dodging
 - Level 3.0 Stealth
 - Level 4.0 Spellcasting
 - Level 6.0 Conjurations
 - Level 2.0 Hexes
 - Level 2.0 Air Magic
 - Level 3.0 Poison Magic
 + Level 6.1 Invocations


You couldn't memorise any spells.
You knew the following spells:

 Your Spells              Type           Power      Damage    Failure   Level
a - Magic Dart            Conj           100%       1d8       1%          1
b - Searing Ray           Conj           60%        2d6       1%          2
c - Mephitic Cloud        Conj/Pois/Air  20%        N/A       8%          3
d - Fulminant Prism       Conj/Hex       11%        3d8       22%         4
e - Poisonous Vapours     Pois/Air       30%        N/A       6%          2
f - Iskenderun's Mystic   Conj/Tloc      17%        2d5       32%         4

Your spell library contained the following spells:

 Spells                   Type           Power      Damage    Failure   Level
 Dazzling Flash           Conj/Hex       44%        N/A       6%          3
 Ozocubu's Armour         Ice            4%         N/A       32%         3
 Volatile Blastmotes      Fire/Tloc      8%         2d10      32%         3
 Freezing Cloud           Conj/Ice/Air   8%         6-21      71%         5
 Silence                  Hex/Air        6%         N/A       80%         5
 Metabolic Englaciation   Hex/Ice        4%         N/A       90%         5
 Conjure Ball Lightning   Conj/Air       11%        3x3d6     97%         6
 Simulacrum               Ice/Necr       2%         N/A       100%        6
 Haunt                    Necr/Summ      2%         N/A       100%        7
 Malign Gateway           Summ/Tloc      2%         N/A       100%        7
 Ozocubu's Refrigeration  Ice            2%         4d7       100%        7
 Discord                  Hex            6%         N/A       100%        8
 Disjunction              Tloc           2%         N/A       100%        8
 Summon Horrible Things   Summ           2%         N/A       100%        8


Dungeon Overview and Level Annotations

Branches:
Dungeon (7/15)             Temple (0/1) D:5

Altars:
Cheibriados
Ru
Wu Jian


Message History

The searing ray hits the vampire.
The vampire is heavily damaged.
The vampire points at you and mumbles some strange words.
You are confused.
You closely miss the vampire.
The vampire is heavily damaged.
The vampire barely misses you. The vampire bites you.
The vampire draws strength from your injuries!
Damage: -7%(-5hp) hp: 86%(59hp)
You hit the vampire.
The vampire convulses.
The vampire is moderately damaged.
You closely miss the vampire.
The vampire is moderately damaged.
The vampire hits you. The vampire bites you!
The vampire draws strength from your injuries!
Damage: -13%(-9hp) hp: 76%(52hp)
The centaur shouts!
You hit the vampire but do no damage.
The vampire is moderately damaged.
The vampire hits you. The vampire bites you!
The vampire draws strength from your injuries!
The centaur wields a +0 orcbow.
The centaur shoots an arrow.
The arrow hits you!
Huge Dmg: -26%(-18hp) hp: 50%(34hp)
You feel less confused.
The vampire hits you but does no damage.
The vampire bites you.
The vampire draws strength from your injuries!
The centaur shoots an arrow.
The arrow closely misses the vampire.
The arrow hits you!
Huge Dmg: -18%(-12hp) hp: 32%(22hp)
The centaur shoots an arrow.
The arrow misses you.
Unknown command.
The vampire attacks as you move away! The vampire hits you!
* * * LOW HITPOINT WARNING * * *
The vampire bites you.
* * * LOW HITPOINT WARNING * * *
The vampire draws strength from your injuries!
The centaur shoots an arrow.
The arrow hits you!
You die...

........###..#.........######
##.##.c...#.........#.##
#......).......#....###
##..##...............#
...#....................#
............#.<.:.......#
...#........#..V..........#
....#.###.#.....##.###...##
....#.###.#.....@(......##
.......#.......##......##
#<.....####....##..#..##
##...... .....#########
............. .............
............ .....# ...###


You could see a vampire (invisible) and a centaur.

Vanquished Creatures
  Pikel (D:6)
  A water moccasin (D:7)
  A sky beast (D:5)
  2 ogres
  A centaur (D:7)
  2 lemures (D:6)
  A bullfrog (D:7)
  3 scorpions
  2 hounds
  4 orc priests
  A gnoll bouda (D:5)
  2 sleepcaps
  4 iguanas
  5 adders
  5 gnolls (D:5)
  A shadow imp (D:6)
  An ufetubus (D:5)
  A worm (D:5)
  A dart slug (D:2)
  11 orcs
  8 bats
  3 endoplasms
  4 giant cockroaches
  8 goblins
  3 hobgoblins
  5 jackals
  4 kobolds
  3 quokkas
  8 ball pythons
  A frilled lizard (D:2)
  4 rats
101 creatures vanquished.

Vanquished Creatures (others)
  3 fulminant prisms
3 creatures vanquished.

Grand Total: 104 creatures vanquished

Notes
Turn   | Place    | Note
-------+----------+-------------------------------------------
     0 | D:1      | Lexodia the Hill Orc Conjurer began the quest for the Orb.
     0 | D:1      | Reached XP level 1. HP: 14/14 MP: 3/3
   101 | D:1      | Huge Dmg: 4 dmg
   222 | D:1      | Huge Dmg: 3 dmg
   230 | D:1      | Huge Dmg: 5 dmg
   240 | D:1      | Huge Dmg: 3 dmg
   246 | D:1      | Reached XP level 2. HP: 5/20 MP: 0/4
   893 | D:2      | Huge Dmg: 5 dmg
   898 | D:2      | Huge Dmg: 3 dmg
  1073 | D:2      | Reached XP level 3. HP: 26/26 MP: 3/6
  1151 | D:2      | Learned a level 2 spell: Searing Ray
  2103 | D:3      | Huge Dmg: 9 dmg
  2103 | D:3      | Became a worshipper of Beogh the Brigand
  2111 | D:3      | Reached XP level 4. HP: 30/33 MP: 3/7
  2619 | D:4      | Found an ornate altar of the Wu Jian Council.
  2619 | D:4      | Found a snail-covered altar of Cheibriados.
  2643 | D:4      | Reached skill level 1 in Fighting
  2791 | D:4      | Learned a level 3 spell: Mephitic Cloud
  3031 | D:4      | Reached skill level 1 in Short Blades
  3031 | D:4      | Reached skill level 1 in Invocations
  3031 | D:4      | Reached XP level 5. HP: 40/40 MP: 4/8
  3376 | D:4      | Found a sacrificial altar of Ru.
  3381 | D:4      | Noticed an ogre
  3401 | D:4      | Reached * piety under Beogh
  3546 | D:4      | Huge Dmg: 33 dmg
  3549 | D:4      | Killed an ogre
  3550 | D:4      | Reached skill level 5 in Conjurations
  3550 | D:4      | Reached skill level 1 in Air Magic
  3550 | D:4      | Reached skill level 1 in Poison Magic
  3550 | D:4      | Reached XP level 6. HP: 13/47 MP: 3/10
  3793 | D:5      | Entered Level 5 of the Dungeon
  3878 | D:5      | Huge Dmg: 15 dmg
  3889 | D:5      | Noticed a sky beast
  3895 | D:5      | Huge Dmg: 9 dmg
  4392 | D:5      | Huge Dmg: 12 dmg
  4402 | D:5      | Huge Dmg: 9 dmg
  4403 | D:5      | Huge Dmg: 6 dmg
  4405 | D:5      | Huge Dmg: 8 dmg
  4570 | D:5      | Identified the +6 dagger "Evopt" {holy, Str+4}
  4651 | D:5      | Reached XP level 7. HP: 27/52 MP: 5/11
  4774 | D:5      | Found a staircase to the Ecumenical Temple.
  4972 | D:5      | Identified the +1 leather armour "Koisme" {+Blink rPois rC+
                  | Int-5}
  4979 | D:5      | Learned a level 4 spell: Fulminant Prism
  4982 | D:5      | Learned a level 2 spell: Poisonous Vapours
  5342 | D:6      | Huge Dmg: 10 dmg
  5344 | D:5      | Huge Dmg: 5 dmg
  5345 | D:5      | Huge Dmg: 9 dmg
  5438 | D:6      | Huge Dmg: 12 dmg
  5831 | D:6      | Reached ** piety under Beogh
  5832 | D:6      | Reached skill level 1 in Hexes
  5994 | D:6      | Noticed Pikel
  6008 | D:6      | Killed Pikel
  6009 | D:6      | Reached XP level 8. HP: 62/62 MP: 6/13
  6299 | D:7      | Reached skill level 5 in Invocations
  6454 | D:7      | Huge Dmg: 17 dmg
  6457 | D:7      | Huge Dmg: 12 dmg
  6550 | D:7      | Identified the +1 cloak of Mysticism {rElec}
  6576 | D:7      | Got the Volume of Helpful Bad Luck
  6652 | D:7      | Reached XP level 9. HP: 62/69 MP: 4/15
  6890 | D:6      | Learned a level 4 spell: Iskenderun's Mystic Blast
  6900 | D:7      | Huge Dmg: 18 dmg
  6901 | D:7      | Huge Dmg: 12 dmg
  6902 | D:7      | Shot with an arrow by a centaur

Illustrated notes

Levels and vault maps discovered:
D:1:      nzn_arrival_crosshair, layout_basic
D:2:      layout_loops_cross
D:3:      layout_basic
D:4:      layout_basic, nicolae_ru_awakened_eye, gammafunk_temple_overflow_wave,
          minmay_misc_feat_iff, hex_medium
D:5:      layout_basic, minmay_temple_entry_grid, reono_crystal_passage
D:6:      cheibrodos_iron_armory, layout_loops_ring, minmay_crossroads,
          uniq_pikel
D:7:      layout_cave_pools, nicolae_tso_besieged_by_evil, hex_large

Skill      XL: |  1  2  3  4  5  6  7  8 |
---------------+-------------------------+-----
Spellcasting   | 2 3 4 |  4.0
Fighting       | 1 2 3 |  3.0
Short Blades   | 1 2 3 |  3.8
Stealth        | 2 3 |  3.0
Invocations    | 1 3 4 6 |  6.1
Conjurations   | 5 6 |  6.0
Air Magic      | 1 2 |  2.0
Poison Magic   | 1 2 3 |  3.0
Hexes          | 1 2 |  2.0
Dodging        | |  1.5

Action                     |  1- 3 |  4- 6 |  7- 9 || total
---------------------------+-------+-------+-------++-------
  Melee: Unarmed           |    48 |       |       ||    48
         Rapier            |     3 |    59 |       ||    62
         Dagger            |       |     8 |    58 ||    66
   Cast: Magic Dart        |    72 |    78 |    25 ||   175
         Mephitic Cloud    |       |     3 |     2 ||     5
         Searing Ray       |       |     7 |    14 ||    21
         Fulminant Prism   |       |       |     3 ||     3
         Poisonous Vapours |       |       |    16 ||    16
 Invoke: Convert to Beogh  |     1 |       |       ||     1
   Stab: Sleeping          |       |     1 |       ||     1
         Confused          |       |       |     1 ||     1
 Armour: Robe              |    15 |    15 |    15 ||    45
  Dodge: Dodged            |    38 |    52 |    49 ||   139

Table legend: (Time is in decaauts)
 A = Elapsed time spent in this place.
 B = Non-inter-level travel time spent in this place.
 C = Inter-level travel time spent in this place.
 D = Time resting spent in this place.
 E = Time spent auto-exploring this place.
 F = Levels seen in this place.
 G = Mean time per level.
                   A        B        C        D        E       F      G
               +--------+--------+--------+--------+--------+-----+--------+
         Total |   6907 |   6545 |    362 |    762 |   4786 |   7 |  986.7 |
       Dungeon |   6907 |   6545 |    362 |    762 |   4786 |   7 |  986.7 |
               +--------+--------+--------+--------+--------+-----+--------+

Top non-repeatable levels by time:
     D:5: 1650 daAuts
     D:2: 1220 daAuts
     D:4: 1114 daAuts
     D:6: 990 daAuts
     D:3: 860 daAuts
     D:1: 632 daAuts
     D:7: 439 daAuts
